 Dungeon Crawl Stone Soup version 0.26-a0-58-g79b31b8662 (webtiles) character file.

Game seed: 12174416051709421635

44 FabianWz the Magician (level 3, 0/19 HPs)
             Began as a Deep Elf Wizard on June 8, 2020.
             Succumbed to an adder's poison
             ... on level 2 of the Dungeon.
             The game lasted 00:06:05 (1528 turns).

FabianWz the Magician (Deep Elf Wizard)             Turns: 1528, Time: 00:06:05

Health: 0/19       AC:  2    Str:  5    XL:     3   Next: 39%
Magic:  1/12       EV: 13    Int: 22    God:
Gold:   18         SH:  0    Dex: 13    Spells: 8/13 levels left

rFire    . . .     SeeInvis .   c - +0 hand axe
rCold    . . .     Gourm    .   (no shield)
rNeg     . . .     Faith    .   a - +0 robe
rPois    .         Spirit   .   b - +0 hat
rElec    .         Reflect  .   (no cloak)
rCorr    .         Harm     .   (no gloves)
MR       .....                  (no boots)
Stlth    ++........             (no amulet)
HPRegen  0.06/turn              (no ring)
MPRegen  0.13/turn              (no ring)

@: lethally poisoned (0 -> -11), stab, very slightly contaminated
A: no striking features
a: no special abilities


You were on level 2 of the Dungeon.
You were not hungry.

You visited 1 branch of the dungeon, and saw 2 of its levels.

You collected 18 gold pieces.

Inventory:

Hand Weapons
 c - a +0 hand axe (weapon)
 m - a +0 long sword
Armour
 a - a +0 robe (worn)
 b - a +0 hat (worn)
 h - a +0 robe
Scrolls
 e - a scroll of enchant armour {unknown}
 g - a scroll of remove curse {unknown}
 j - a scroll of teleportation {unknown}
 l - 2 scrolls of identify {unknown}
 n - a scroll of blinking {unknown}
 o - a scroll of noise {unknown}
Potions
 i - a potion of resistance {unknown}
 k - a potion of stabbing
Comestibles
 d - 4 rations
 f - 3 chunks of flesh


   Skills:
 - Level 2.4 Dodging
 - Level 2.4 Stealth
 * Level 5.7 Spellcasting
 + Level 2.2 Conjurations
 - Level 1.1 Summonings
 - Level 1.1 Translocations


You had 8 spell levels left.
You knew the following spells:

 Your Spells              Type           Power        Failure   Level  Hunger
a - Magic Dart            Conj           ###.         3%          1    None
b - Call Imp              Summ           ##......     9%          2    None
c - Blink                 Tloc           N/A          9%          2    None

Your spell library contained the following spells:

 Spells                   Type           Power        Failure   Level  Hunger
 Slow                     Hex            #.......     14%         2    None
 Conjure Flame            Conj/Fire      ##......     19%         3    ##.....
 Mephitic Cloud           Conj/Pois/Air  #.......     21%         3    ##.....


Dungeon Overview and Level Annotations

Branches:
Dungeon (2/15)

Altars:


Message History

You blink.
* * * LOW HITPOINT WARNING * * *
You feel sick.
Casting: Blink (safe; 9% risk of failure)
Confirm with . or Enter, or press ? or * to list all spells.
Okay, then.
It was a potion of stabbing.
You feel ready to backstab.
Casting: Blink (safe; 9% risk of failure)
Confirm with . or Enter, or press ? or * to list all spells.
You miscast Blink.
Nothing appears to happen.
* * * LOW HITPOINT WARNING * * *
You feel sick. The adder bites you.
* * * LOW HITPOINT WARNING * * *
You are more poisoned.
The adder poisons you!
Casting: Blink (safe; 9% risk of failure)
Confirm with . or Enter, or press ? or * to list all spells.
You blink.
You die...

########.###.#
#.........≈≈..≈≈ #...#.#
#......#..≈≈≈≈≈≈ ###.#.#
#.........≈≈≈≈≈≈ #.#.#
####.##..≈≈≈≈≈≈≈ #.#.#
#.##..≈≈≈≈... #.#.###
####.##5..≈≈≈._≈ #.#...#
#....##..≈≈≈≈≈≈♣
#.#.#.###.#####...≈≈≈≈≈≈
#.#....@...5....5.≈≈≈≈≈≈
#.#.......######≈≈≈≈≈≈≈≈
#.#.........# #.≈≈≈≈.≈≈
#.#.....###.......≈..≈..
#.#.§S..# ####.########
#.##..####### .
#.÷..........
#.###.####### ### ###


You could see an adder and a friendly crimson imp (summoned).

Vanquished Creatures
  An adder (D:2)
  An ooze (D:2)
  2 worms (D:2)
  2 dart slugs (D:1)
  A bat (D:2)
  A goblin (D:2)
  4 hobgoblins
  2 kobolds
  A quokka (D:2)
  A frilled lizard (D:2)
  5 rats (D:1)
21 creatures vanquished.

Vanquished Creatures (collateral kills)
  2 hobgoblins
2 creatures vanquished.

Grand Total: 23 creatures vanquished

Notes
Turn   | Place    | Note
-------+----------+-------------------------------------------
     0 | D:1      | FabianWz the Deep Elf Wizard began the quest for the Orb.
     0 | D:1      | Reached XP level 1. HP: 10/10 MP: 7/7
   403 | D:1      | Reached skill level 5 in Spellcasting
   403 | D:1      | Reached XP level 2. HP: 15/15 MP: 1/10
   407 | D:1      | Learned a level 2 spell: Call Imp
   410 | D:1      | Learned a level 2 spell: Blink
  1101 | D:2      | Reached XP level 3. HP: 19/19 MP: 4/11
  1254 | D:2      | Found a faded altar of an unknown god.
  1528 | D:2      | Succumbed to an adder's poison

Illustrated notes

Levels and vault maps discovered:
D:1:      lightli_molten_gateway, layout_basic, kennysheep_decorative_pillar
D:2:      layout_basic, chequers_ecumenical_altar_island

Skill      XL: |  1  2 |
---------------+-------+-----
Spellcasting   | 5 |  5.7
Conjurations   | 2 |  2.2
Dodging        | |  2.4
Stealth        | |  2.4
Summonings     | |  1.1
Translocations | |  1.1

Action                   || total
-------------------------++-------
 Cast: Magic Dart        ||    60
       Call Imp          ||     6
       Blink             ||     5
  Use: Potion            ||     1
  Eat: Chunk             ||     2
Armor: Robe              ||     2
Dodge: Dodged            ||    12

Table legend:
 A = Non-vault XP
 B = Vault XP
 C = Vault XP percentage of total XP
 D = Non-vault monster count
 E = Vault monster count
 F = Vault count percentage of total count
                 A         B        C        D         E       F
            +---------+---------+-------+---------+---------+-------
      Total |      63 |       0 |   0.0 |      23 |       0 |   0.0
            +---------+---------+-------+---------+---------+-------
        D:1 |      23 |       0 |   0.0 |      12 |       0 |   0.0
        D:2 |      40 |       0 |   0.0 |      11 |       0 |   0.0
            +---------+---------+-------+---------+---------+-------
